 Dungeon Crawl Stone Soup version 0.28.0-53-g5a82cb258f (webtiles) character file.

Game seed: 1571663652893758568

15844 firemarshallily the Fighter (level 12, -13/102 HPs)
             Began as a Demonspawn Gladiator on May 23, 2022.
             Was a Priest of Dithmenos.
             Mangled by Rupert
             ... wielding a +1 great mace of protection
              (22 damage)
             ... while paralysed by Rupert
             ... on level 12 of the Dungeon on May 24, 2022.
             The game lasted 01:08:37 (12352 turns).

firemarshallily the Fighter (Demonspawn Gladiator) Turns: 12352, Time: 01:08:38

Health: -13/102    AC: 14    Str: 26    XL:     12   Next: 4%
Magic:  12/12      EV:  2    Int:  7    God:    Dithmenos [***...]
Gold:   783        SH:  0    Dex: 20    Spells: 9/11 levels left

rFire   . . .      SeeInvis .   h - +7 dagger of Ropyth {drain, Int-2 Dex+5}
rCold   . . .      Faith    .   (no shield)
rNeg    . . .      Spirit   .   E - +0 swamp dragon scales
rPois   +          Reflect  .   (helmet restricted)
rElec   .          Harm     .   k - scarf {+Inv}
rCorr   .          Rampage  .   a - +0 pair of gloves
Will    .....                   (no boots)
Stlth   +++++.....              l - amulet of the acrobat
HPRegen 0.27/turn               j - +4 ring of protection
MPRegen 0.13/turn               c - +6 ring of strength

@: paralysed, wreathed by umbra
A: antennae 2, repulsion field 2, powered by death 2, condensation shield,
MP-powered wands
a: Renounce Religion, Evoke Invisibility, Shadow Step


You were on level 12 of the Dungeon.
You worshipped Dithmenos.
Dithmenos was most pleased with you.
You visited 2 branches of the dungeon, and saw 13 of its levels.

You collected 783 gold pieces.

Inventory:

Hand Weapons
 h - the +7 dagger of Ropyth (weapon) {drain, Int-2 Dex+5}
   (You found it on level 3 of the Dungeon)

   A truly terrible weapon, it drains the life of any living foe it strikes.
   Int:       It affects your intelligence (-2).
   Dex:       It affects your dexterity (+5).
 F - a +5 long sword
Missiles
 d - 3 throwing nets
 f - 348 stones
 x - 6 boomerangs
 B - 28 poisoned darts
 N - 5 curare-tipped darts (quivered)
 T - 5 javelins
 U - 2 boomerangs of dispersal
Armour
 a - a +0 pair of gloves (worn)
 b - a +0 leather armour
 g - a +2 robe of cold resistance
 k - a scarf of invisibility (worn)
 r - a +0 chain mail
 E - +0 swamp dragon scales (worn)
 P - a +0 scale mail of fire resistance
 R - +0 acid dragon scales
Jewellery
 c - a +6 ring of strength (right hand)
 j - a +4 ring of protection (left hand)
 l - an amulet of the acrobat (around neck)
 m - a ring of poison resistance
 q - a +6 ring of intelligence
 A - a ring of flight
 I - a ring of see invisible
 L - a ring of ice
 M - a ring of wizardry
 O - a ring of protection from fire
Wands
 n - a wand of acid (11)
 s - a wand of digging (13)
 t - a wand of flame (41)
 D - a wand of mindburst (9)
 H - a wand of polymorph (4)
 J - a wand of paralysis (7)
 Q - a wand of iceblast (4)
Scrolls
 e - a scroll of brand weapon {unknown}
 o - 2 scrolls of enchant armour
 v - a scroll of enchant weapon
 y - 6 scrolls of identify
 C - 8 scrolls of teleportation
 G - 2 scrolls of fear
 K - 2 scrolls of magic mapping
 S - a scroll of amnesia
 V - a scroll of blinking {unknown}
Potions
 i - 4 potions of curing
 p - a potion of ambrosia
 u - a potion of haste
 w - 3 potions of lignification
 z - a potion of resistance


   Skills:
 * Level 11.9 Fighting
 - Level 9.7(10.0) Short Blades
 - Level 3.4(7.0) Long Blades
 - Level 2.0 Throwing
 + Level 7.8 Armour
 - Level 3.0 Dodging
 + Level 7.9 Stealth


You had 9 spell levels left.
You knew the following spells:

 Your Spells              Type           Power      Damage    Failure   Level
a - Foxfire               Conj/Fire      0%         2x1d4     54%         1
b - Animate Skeleton      Necr           0%         N/A       54%         1

Your spell library contained the following spells:

 Spells                   Type           Power      Damage    Failure   Level
 Pain                     Necr           0%         1d4       54%         1
 Slow                     Hex            0%         N/A       54%         1
 Ensorcelled Hibernation  Hex/Ice        0%         N/A       69%         2
 Scorch                   Fire           0%         2d5       69%         2
 Static Discharge         Conj/Air       0%         N/A       69%         2
 Confusing Touch          Hex            0%         N/A       89%         3
 Conjure Flame            Conj/Fire      0%         6-21      89%         3
 Frozen Ramparts          Ice            0%         1d2       89%         3
 Gell's Gravitas          Tloc           0%         N/A       89%         3
 Inner Flame              Hex/Fire       0%         N/A       89%         3
 Spider Form              Tmut/Pois      0%         N/A       89%         3
 Teleport Other           Tloc           0%         N/A       89%         3
 Vampiric Draining        Necr           0%         2d6       89%         3
 Anguish                  Hex/Necr       0%         N/A       100%        4
 Dispel Undead            Necr           0%         3d6       100%        4
 Flame Wave               Conj/Fire      0%         2d4       100%        4
 Ice Form                 Ice/Tmut       0%         N/A       100%        4
 Sticky Flame             Conj/Fire      0%         2d3       100%        4
 Summon Ice Beast         Ice/Summ       0%         N/A       100%        4
 Summon Forest            Summ/Tloc      0%         N/A       100%        5
 Dispersal                Tloc           0%         N/A       100%        6
 Eringya's Noxious Bog    Tmut/Pois      0%         N/A       100%        6
 Summon Cactus Giant      Summ           0%         N/A       100%        6
 Summon Hydra             Summ           0%         N/A       100%        7


Dungeon Overview and Level Annotations

Branches:
Dungeon (12/15)            Temple (1/1) D:5            Lair (0/6) D:10
    Orc (0/2) D:12

Altars:
Ashenzari
Cheibriados
Dithmenos
Elyvilon
Fedhas
Gozag
Hepliaklqana
Kikubaaqudgha
Makhleb
Nemelex Xobeh
Okawaru
Qazlal
Ru
Sif Muna
Trog
Uskayaw
Vehumet
Wu Jian
Xom
Yredelemnul
Zin
The Shining One

Shops:
D:4 (   D:7 *   D:8 (

Annotations:
D:9 2 runed translucent doors
D:12 Rupert


Innate Abilities, Weirdness & Mutations

You have a pair of antennae on your head.
You are surrounded by a moderate repulsion field. (EV +3)
You regenerate health from kills.
A meltable shield of frost defends you. (SH +4)
You expend magic power (3 MP) to strengthen your wands.


Message History

You suddenly lose the ability to move!
Rupert hits you with a +1 great mace of protection.
* * * LOW HITPOINT WARNING * * *
Rupert hits you with a +1 great mace of protection.
* * * LOW HITPOINT WARNING * * *
Rupert seems less drained.
Rupert hits you with a +1 great mace of protection.
* * * LOW HITPOINT WARNING * * *
You can move again.
You hit Rupert. You drain Rupert.
Rupert is lightly wounded.
You hit Rupert but do no damage.
Rupert is lightly wounded.
You barely miss Rupert.
Rupert is lightly wounded.
You barely miss Rupert.
Rupert is lightly wounded.
You barely miss Rupert.
Rupert is lightly wounded.
Rupert barely misses you.
You barely miss Rupert.
Rupert is lightly wounded.
You hit Rupert but do no damage.
Rupert is lightly wounded.
You hit Rupert but do no damage. You drain Rupert.
Rupert is lightly wounded.
You hit Rupert.
Rupert is lightly wounded.
Your extra speed is starting to run out.
You hit Rupert but do no damage.
Rupert is lightly wounded.
Rupert hits you with a +1 great mace of protection!
* * * LOW HITPOINT WARNING * * *
You feel better. Rupert roars wildly at you.
You suddenly lose the ability to move!
Rupert looks more energetic.
You feel yourself slow down.
Rupert hits you with a +1 great mace of protection!!
You die...

####'##.##### #...#......#####...
#)..#.# #...#..............
#)8.'.# #...#..^...........
##)).### #...#.........#####
##)#### #.(.#.........#...# ..##
#...######....#...# >.#
#........#....#...# .)##
#........#....#...# ##'####
#.@.######....#...#
##...#########.@.#.........#...#
#.8.'...........#.........#'###
#...#...........##.............
####.##............#.............
...........).......#.............
.........(.#)#+##..#.....########
...........#..@.#..#.....#.......
#####......#....#..#.....#.......


You could see Rupert (drained).

Vanquished Creatures
  A boulder beetle (D:12)
  A hydra (D:10)
  Fannar (D:12)
  2 two-headed ogres
  An ugly thing (D:12)
  3 cyclopes
  A gargoyle (D:12)
  Maggie (D:8)
  2 kobold demonologists (D:11)
  A troll (D:10)
  Prince Ribbit (D:8)
  2 dream sheep (D:10)
  Sigmund (D:6)
  13 yaks
  A shadow (D:12)
  3 wraiths
  4 wyverns (D:10)
  Grum (D:8)
  7 vampire mosquitoes
  Edmund (D:5)
  Duvessa (D:6)
  2 acid dragons (D:11)
  3 water moccasins (D:10)
  A necrophage (D:8)
  2 orc warriors
  An ogre (D:5)
  4 wolves (D:8)
  6 centaurs
  5 kobold brigands
  2 bullfrogs (D:7)
  2 gnoll sergeants
  2 scorpions
  Dowan (D:6)
  7 killer bees
  7 wights
  9 howler monkeys
  4 centaur zombies
  3 hounds
  3 orc priests
  A gnoll shaman (D:4)
  3 jellies
  A centaur skeleton (D:7)
  4 iguanas
  10 orc wizards
  Ijyb (D:4)
  A howler monkey zombie (D:9)
  13 gnolls
  6 adders
  An ufetubus (D:6)
  A worm (D:2)
  A dart slug (D:4)
  34 orcs
  3 ball pythons
  10 bats
  7 endoplasms
  7 giant cockroaches
  6 goblins
  7 hobgoblins
  6 jackals
  16 kobolds
  5 quokkas
  3 training dummies (D:4)
  4 frilled lizards
  8 rats
272 creatures vanquished.

Vanquished Creatures (others)
  9 foxfires
  2 fungi (D:10)
  22 plants
33 creatures vanquished.

Grand Total: 305 creatures vanquished

Notes
Turn   | Place    | Note
-------+----------+-------------------------------------------
     0 | D:1      | firemarshallily the Demonspawn Gladiator began the quest
                  | for the Orb.
     0 | D:1      | Reached XP level 1. HP: 16/16 MP: 1/1
   147 | D:1      | Gained mutation: You have a pair of small antennae on your
                  | head. [demonic ancestry]
   147 | D:1      | Reached XP level 2. HP: 20/22 MP: 2/2
   177 | D:1      | Learned a level 1 spell: Foxfire
   608 | D:1      | Reached XP level 3. HP: 27/28 MP: 3/3
  1253 | D:2      | Reached skill level 1 in Armour
  1793 | D:3      | Gained mutation: Armour fits poorly on your strangely
                  | shaped body. [potion of mutation]
  1793 | D:3      | Gained mutation: Your muscles are strong. (Str +2) [potion
                  | of mutation]
  1793 | D:3      | Gained mutation: You expend magic power (3 MP) to
                  | strengthen your wands. [potion of mutation]
  1811 | D:3      | Reached XP level 4. HP: 34/34 MP: 4/4
  1824 | D:3      | Found a hide-covered altar of Uskayaw.
  2167 | D:3      | Reached skill level 3 in Fighting
  2263 | D:3      | Identified the +7 dagger of Ropyth {drain, Int-2 Dex+5}
  2434 | D:4      | Found a shimmering altar of Xom.
  2539 | D:4      | Reached skill level 1 in Short Blades
  2539 | D:4      | Gained mutation: You are surrounded by a mild repulsion
                  | field. (EV +2) [demonic ancestry]
  2539 | D:4      | Reached XP level 5. HP: 23/41 MP: 5/5
  2919 | D:4      | Found Geubb's Firing Range.
  2983 | D:4      | Noticed Ijyb
  2990 | D:4      | Killed Ijyb
  2996 | D:4      | Reached skill level 1 in Stealth
  3168 | D:5      | Entered Level 5 of the Dungeon
  3168 | D:5      | Noticed a two-headed ogre
  3245 | D:5      | Noticed Edmund
  3254 | D:5      | HP: 2/42 [Edmund/+0 vorpal dire flail (2)]
  3607 | D:5      | Lost mutation: Your muscles are strong. (Str +2) [potion of
                  | mutation]
  3607 | D:5      | Lost mutation: Armour fits poorly on your strangely shaped
                  | body. [potion of mutation]
  3607 | D:5      | Gained mutation: Armour fits poorly on your strangely
                  | shaped body. [potion of mutation]
  3607 | D:5      | Gained mutation: You sometimes lose the ability to read
                  | scrolls when taking damage. [potion of mutation]
  3607 | D:5      | Gained mutation: You are strong-willed. (Will+) [potion of
                  | mutation]
  4029 | D:5      | Noticed an ogre
  4046 | D:6      | Noticed Duvessa
  4046 | D:6      | Noticed Dowan
  4047 | D:6      | Killed Dowan
  4048 | D:6      | Gained mutation: You are surrounded by a moderate repulsion
                  | field. (EV +3) [demonic ancestry]
  4048 | D:6      | Reached XP level 6. HP: 48/48 MP: 6/6
  4064 | D:6      | Killed Duvessa
  4065 | D:6      | Reached skill level 4 in Fighting
  4248 | D:6      | Gained mutation: You have a pair of antennae on your head.
                  | [demonic ancestry]
  4248 | D:6      | Reached XP level 7. HP: 38/55 MP: 7/7
  4508 | D:6      | Noticed Sigmund
  4513 | D:6      | Killed Sigmund
  4514 | D:6      | Reached skill level 5 in Fighting
  5023 | D:7      | Gained mutation: A meltable shield of frost defends you.
                  | (SH +4) [demonic ancestry]
  5023 | D:7      | Reached XP level 8. HP: 49/63 MP: 8/8
  5129 | D:7      | Found Nicluhypo's Serpentskin Sales.
  5149 | D:7      | Reached skill level 6 in Fighting
  5262 | D:7      | Found a sparkling altar of Nemelex Xobeh.
  5883 | D:5      | Killed Edmund
  5886 | D:5      | Lost mutation: You sometimes lose the ability to read
                  | scrolls when taking damage. [potion of mutation]
  5886 | D:5      | Lost mutation: Armour fits poorly on your strangely shaped
                  | body. [potion of mutation]
  5886 | D:5      | Lost mutation: You are strong-willed. (Will+) [potion of
                  | mutation]
  5996 | D:5      | Found a staircase to the Ecumenical Temple.
  6022 | Temple   | Entered the Ecumenical Temple
  6076 | Temple   | Became a worshipper of Dithmenos the Shadowed
  6132 | D:5      | Found a broken altar of Ashenzari.
  6144 | D:5      | Killed a two-headed ogre
  6145 | D:5      | Reached skill level 7 in Fighting
  6145 | D:5      | Reached skill level 5 in Short Blades
  6145 | D:5      | Reached XP level 9. HP: 53/72 MP: 9/9
  6665 | D:8      | Noticed Maggie
  6689 | D:8      | Killed Maggie
  6690 | D:8      | Reached skill level 5 in Armour
  6932 | D:8      | Learned a level 1 spell: Animate Skeleton
  6944 | D:8      | Noticed Prince Ribbit
  6949 | D:8      | Noticed a two-headed ogre
  6952 | D:8      | Killed Prince Ribbit
  6965 | D:8      | Killed a two-headed ogre
  6966 | D:8      | Reached skill level 8 in Fighting
  6966 | D:8      | Reached skill level 5 in Stealth
  7302 | D:8      | Noticed Grum
  7329 | D:8      | Killed Grum
  7342 | D:8      | Gained mutation: You regenerate a little health from kills.
                  | [demonic ancestry]
  7342 | D:8      | Reached XP level 10. HP: 50/82 MP: 10/10
  7372 | D:8      | Reached * piety under Dithmenos
  7716 | D:8      | Found Luyme's Antique Weapon Shop.
  7924 | D:8      | Found an ornate altar of the Wu Jian Council.
  8086 | D:9      | Found a shimmering blue altar of Sif Muna.
  8574 | D:9      | Reached skill level 9 in Fighting
  8795 | D:9      | Identified the +2 robe of Kioliviosk {Str+5}
  8903 | D:9      | Found a large runed translucent door.
  8903 | D:9      | Found a large runed translucent door.
  8904 | D:9      | Noticed a brown ugly thing
  8905 | D:9      | Found a shimmering altar of Xom.
  8905 | D:9      | Noticed a white ugly thing
  8951 | D:10     | Entered Level 10 of the Dungeon
  9365 | D:10     | Found a staircase to the Lair.
  9497 | D:10     | Reached ** piety under Dithmenos
  9498 | D:10     | Reached skill level 10 in Fighting
  9610 | D:10     | Reached XP level 11. HP: 75/90 MP: 11/11
  9826 | D:10     | Noticed a three-headed hydra
  9837 | D:10     | Killed a three-headed hydra
 10288 | D:11     | Noticed a soul eater
 10818 | D:11     | Reached skill level 11 in Fighting
 11052 | D:12     | Found a staircase to the Orcish Mines.
 11101 | D:12     | Reached *** piety under Dithmenos
 11249 | D:12     | HP: 3/93 [gargoyle/stone arrow (18)]
 11626 | D:12     | Noticed Fannar
 11640 | D:12     | Killed Fannar
 11907 | D:12     | Noticed a brown ugly thing
 11925 | D:12     | Killed a brown ugly thing
 11927 | D:12     | Noticed a boulder beetle
 11934 | D:12     | Killed a boulder beetle
 11947 | D:12     | Gained mutation: You regenerate health from kills. [demonic
                  | ancestry]
 11947 | D:12     | Reached XP level 12. HP: 93/102 MP: 12/12
 12283 | D:12     | Noticed Rupert
 12331 | D:12     | Paralysed by Rupert for 5 turns
 12346 | D:12     | HP: 3/102 [Rupert/+1 great mace of protection (15)]
 12349 | D:12     | Paralysed by Rupert for 5 turns
 12352 | D:12     | Mangled by Rupert

Illustrated notes

Levels and vault maps discovered:
D:1:      eino_arrival_cavern_b, layout_loops_ring, hex_tiny
D:2:      layout_basic, minmay_quadrilaterals
D:3:      layout_basic, nicolae_uskayaw_dance_hall,
          wander_ebering_terrifying_dragon_lair
D:4:      layout_basic, xom_teletrap_fun, nicolae_shop_firing_range, uniq_ijyb
D:5:      layout_loops_ring, mainiacjoe_overflow_24_doors,
          minmay_temple_entry_slanted, hangedman_decor_riveting, uniq_edmund
D:6:      layout_rooms, nicolae_elyvilon_temple_path, minmay_misc_feat_plants,
          uniq_duvessa, uniq_sigmund
D:7:      layout_basic, nemelex_altar_shiori, kennysheep_little_box,
          guppyfry_shop_venom
D:8:      layout_basic, marbit_many_paths, serial_shops,
          nicolae_shop_hallway_plus, uniq_maggie, uniq_prince_ribbit1, uniq_grum
D:9:      due_chaos_kobolds, layout_basic, mainiacjoe_overflow_boulevard
D:10:     layout_basic, minmay_lair_entry_grove, hangedman_ranch
D:11:     layout_basic
D:12:     layout_irregular_city, hiddenorc2_lemuel, uniq_rupert, uniq_fannar
Temple:   zaba_magenta_temple

Skill      XL: |  1  2  3  4  5  6  7  8  9 10 11 |
---------------+----------------------------------+-----
Throwing       | 2 |  2.0
Long Blades    | 3 |  3.4
Dodging        | 3 |  3.0
Armour         | 1 2 3 4 5 6 7 |  7.8
Fighting       | 3 4 5 7 8 10 11 | 11.9
Short Blades   | 1 2 3 5 7 8 9 |  9.7
Stealth        | 1 2 4 5 6 7 |  7.9

Action                   |  1- 3 |  4- 6 |  7- 9 | 10-12 || total
-------------------------+-------+-------+-------+-------++-------
Melee: Long sword        |   169 |    20 |       |       ||   189
       Punch             |     2 |       |     5 |    12 ||    19
       Dagger            |       |   102 |   226 |   719 ||  1047
Throw: Throwing net      |       |     4 |       |       ||     4
       Boomerang         |       |       |       |     1 ||     1
       Dart              |       |       |       |     2 ||     2
 Cast: Foxfire           |       |       |     2 |     3 ||     5
       Animate Skeleton  |       |       |       |     6 ||     6
  Use: Scroll            |     9 |     1 |     7 |       ||    17
       Potion            |     1 |     5 |     1 |     6 ||    13
 Stab: Sleeping          |     2 |     2 |     2 |     5 ||    11
       Held in net/web   |       |     2 |       |       ||     2
       Invisible         |       |       |       |     1 ||     1
       Distracted        |       |       |       |     1 ||     1
Armor: Leather armour    |    72 |    12 |     4 |       ||    88
       Ring mail         |       |       |    38 |       ||    38
       Swamp dragon scal |       |       |     4 |   113 ||   117
Dodge: Dodged            |   132 |    76 |   138 |   301 ||   647
Block: Other             |       |       |    21 |    71 ||    92
